 Dungeon Crawl Stone Soup version 0.23.0 (webtiles) character file.

Game seed: 14327795280776409937

67 Lanoc the Skirmisher (level 4, -3/35 HPs)
             Began as a Demonspawn Chaos Knight on Feb 10, 2019.
             Was a Plaything of Xom.
             Slain by an orange demon (4 damage)
             ... summoned by Xom
             ... on level 2 of the Dungeon.
             The game lasted 00:02:46 (1701 turns).

Lanoc the Skirmisher (Demonspawn Chaos Knight)      Turns: 1701, Time: 00:02:49

Health: -3/35      AC:  5    Str: 13    XL:     4   Next: 0%
Magic:  4/4        EV: 11    Int: 14    God:    Xom [.....*]
Gold:   93         SH:  0    Dex: 10    Spells: 3/3 levels left

rFire    . . .     SeeInvis .   a - +0 falchion (chaos)
rCold    . . .     Gourm    .   (no shield)
rNeg     . . .     Faith    .   b - +2 leather armour
rPois    .         Spirit   .   (no helmet)
rElec    .         Reflect  .   (no cloak)
rCorr    .         Harm     .   (no gloves)
MR       .....                  (no boots)
Stlth    +.........             l - amulet of the acrobat
HPRegen  0.11/turn              (no ring)
MPRegen  0.09/turn              (no ring)

@: no status effects
A: hooves 2, clumsy 1, sense surroundings 1
a: Renounce Religion


You were on level 2 of the Dungeon.
You worshipped Xom.
You were Xom's teddy bear.
You were not hungry.

You visited 1 branch of the dungeon, and saw 2 of its levels.

You collected 93 gold pieces.

Inventory:

Hand Weapons
 a - a +0 falchion of chaos (weapon)
Armour
 b - a +2 leather armour (worn)
Jewellery
 l - an amulet of the acrobat (around neck)
Scrolls
 e - a scroll of remove curse {unknown}
 k - 4 scrolls of identify {unknown}
Potions
 d - 2 potions of haste {unknown}
 f - a potion of resistance {unknown}
 g - a potion of invisibility {unknown}
 h - 2 potions of might {unknown}
 i - a potion of brilliance {unknown}
 j - a potion of curing {unknown}
 m - a potion of degeneration {unknown}
 n - a potion of flight {unknown}
Comestibles
 c - 3 rations
 o - a chunk of flesh


   Skills:
 + Level 3.5 Fighting
 * Level 3.2 Long Blades
 + Level 2.4 Armour
 + Level 1.8 Dodging


You had 3 spell levels left.
You didn't know any spells.
Your spell library was empty.

Dungeon Overview and Level Annotations

Branches:
Dungeon (2/15)

Altars:


Innate Abilities, Weirdness & Mutations

You have hoof-like feet.
You are clumsy. (Dex -2)
You passively map a small area around you.


Message History

You swap places.
You swap places.
You see here a +0 club.
Something hits your butterfly!
Your butterfly dies!
The gnoll hits your butterfly with a +0 flail.
Your butterfly dies!
Your butterfly disappears in a puff of smoke!
Your butterfly degenerates into a cloud of primal chaos! "Fight to survive, mortal."
You are now Xom's teddy bear.
The orange demon completely misses you. x2
You completely miss the orange demon. The ufetubus misses you.
The ufetubus hits you.
* * * LOW HITPOINT WARNING * * *
The ufetubus closely misses you. The ufetubus barely misses you.
The orange demon stings you.
* * * LOW HITPOINT WARNING * * *
The orange demon hits you.
You die...

#.#.###########
#........#
#........#
#........#########
#.#...............
#.#.##############
#.#.# ##*######
#5#.#, ,... .....
#@#.# ,.. ....
#4#.# , . ♣.♣...
#.#g# ....♣...#
#.#.#,* * ♣.....#
#.#.#.# ♣.....#
#.#.#.# ........#
#.#.#.# ......r.#
#.#.#.# #.#.#####
#.#.# #..S


You could see an orange demon and an ufetubus.

Vanquished Creatures
  A gnoll (D:2)
  2 adders (D:2)
  2 dart slugs
  2 giant cockroaches
  5 goblins
  2 hobgoblins
  4 jackals
  4 bats
  2 frilled lizards
  6 kobolds
  5 rats
35 creatures vanquished.

Notes
Turn   | Place    | Note
-------+----------+-------------------------------------------
     0 | D:1      | Lanoc the Demonspawn Chaos Knight began the quest for the
                  | Orb.
     0 | D:1      | Reached XP level 1. HP: 18/18 MP: 1/1
    16 | D:1      | Reached skill level 1 in Dodging
   113 | D:1      | XOM: silly message
   244 | D:1      | Gained mutation: You have large cloven feet. [demonic
                  | ancestry]
   244 | D:1      | Reached XP level 2. HP: 24/24 MP: 2/2
   355 | D:1      | XOM: mild Air miscast
   876 | D:1      | XOM: harmless Necr miscast
  1067 | D:2      | Gained mutation: You have hoof-like feet. [demonic
                  | ancestry]
  1067 | D:2      | Reached XP level 3. HP: 29/29 MP: 3/3
  1183 | D:1      | XOM: give mutations
  1183 | D:1      | Gained mutation: You passively map a small area around you.
                  | [Xom's mischief]
  1183 | D:1      | Gained mutation: You are clumsy. (Dex -2) [Xom's mischief]
  1535 | D:2      | XOM: 5-stop teleportation journey
  1585 | D:2      | XOM: mild Tmut miscast
  1604 | D:2      | XOM: harmless Air miscast
  1665 | D:2      | XOM: 7-stop teleportation journey
  1675 | D:2      | XOM: butterfly on damage
  1678 | D:2      | Reached XP level 4. HP: 6/35 MP: 4/4
  1699 | D:2      | XOM: summons 2 hostile demons
  1700 | D:2      | Noticed an orange demon
  1701 | D:2      | HP: 1/35 [orange demon[Xom] (6)]
  1701 | D:2      | Slain by an orange demon

Skill      XL: |  1  2 |
---------------+-------+-----
Dodging        | 1 |  1.8
Armour         | 2 |  2.4
Long Blades    | 3 |  3.2
Fighting       | |  3.5

Action                   |  1- 3 |  4- 6 || total
-------------------------+-------+-------++-------
Melee: Falchion          |    59 |     1 ||    60
       Kick              |    11 |       ||    11
  Eat: Chunk             |     2 |       ||     2
Armor: Leather armour    |    16 |       ||    16
Dodge: Dodged            |    38 |     5 ||    43
       Rpst.: Falchion   |    13 |       ||    13
